 Dungeon Crawl Stone Soup version 0.30-b1-2-g02819fbbbe (webtiles) character file.

Game seed: 6506938073061116617

74543 Angani the Cryomancer (level 15, -2/94 HPs)
             Began as a Formicid Ice Elementalist on May 11, 2023.
             Was a High Priest of Vehumet.
             Slain by a minotaur
             ... wielding a +2 vampiric war axe
              (30 damage)
             ... in a Gauntlet.
             The game lasted 00:56:51 (27614 turns).

Angani the Cryomancer (Formicid Ice Elementalist)  Turns: 27614, Time: 00:56:52

Health: -2/94      AC: 18    Str: 14    XL:     15   Next: 94%
Magic:  22/29      EV: 12    Int: 24    God:    Vehumet [*****.]
Gold:   310        SH:  0    Dex: 14    Spells: 4/34 levels left

rFire   . . .        o - staff of cold
rCold   + . .        n - orb {*channel}
rNeg    + + .        j - +2 robe {Archmagi}
rPois   .            (helmet unavailable)
rElec   +            B - scarf {+Inv}
rCorr   .            F - +0 pair of gloves
SInv    +            (no boots)
Will    ++...        i - amulet of faith
Stlth   ++           A - ring of the Mackerel {rElec rN+ Will+}
HPRegen 0.35/turn    r - ring "Odewuoni" {rN+ Int+3}
MPRegen 0.21/turn

%: faith, archmagi, channel magic (20%)
@: ice-armoured, freezing walls, studying Maces & Flails
A: permanent stasis, dig shafts and tunnels, antennae 3, four strong arms
a: Dig, Renounce Religion, Evoke Invisibility


You were in a Gauntlet.
You worshipped Vehumet.
Vehumet was extremely pleased with you.
You visited 4 branches of the dungeon, and saw 20 of its levels.
You also visited: Gauntlet and Ice Cave.

You collected 1984 gold pieces.
You spent 1674 gold pieces at shops.

Inventory:

Missiles
 c - 3 atropa-tipped darts
 z - a throwing net
Armour
 b - a +0 crystal plate armour of cold resistance
 j - a +2 robe of the Archmagi (worn)
 n - an orb of energy (worn)
 B - a scarf of invisibility (worn)
 F - a +0 pair of gloves (worn)
 J - a +2 robe of fire resistance
Magical Staves
 o - a staff of cold (weapon)
 u - a staff of conjuration
Jewellery
 i - an amulet of faith (around neck)
 r - the ring "Odewuoni" (right hand) {rN+ Int+3}
   (You found it in an ice cave)

   [ring of positive energy]

   Int:       It affects your intelligence (+3).
   rN:        It protects you from negative energy.
 A - the ring of the Mackerel (left hand) {rElec rN+ Will+}
   (You bought it in a shop on level 2 of the Orcish Mines)

   [ring of positive energy]

   rElec:     It insulates you from electricity.
   rN:        It protects you from negative energy.
   Will:      It increases your willpower.
 K - a ring of fire
 M - the ring of Greed {Ice Will++ rCorr Str+3 Int-4}
   (You found it in a Gauntlet)

   [ring of ice]

   It enhances your ice magic.
   Str:       It affects your strength (+3).
   Int:       It affects your intelligence (-4).
   rF:        It makes you vulnerable to fire.
   rC:        It protects you from cold.
   rCorr:     It protects you from acid and corrosion.
   Will:      It greatly increases your willpower.
Wands
 f - a wand of digging (3)
 h - a wand of polymorph (7)
 D - a wand of acid (4)
 G - a wand of mindburst (8)
 H - a wand of paralysis (5)
 L - a wand of flame (11)
Scrolls
 a - 2 scrolls of vulnerability
 k - 7 scrolls of amnesia
 w - 4 scrolls of fog
 x - a scroll of enchant armour
 y - 6 scrolls of fear
 C - 2 scrolls of poison
Potions
 d - 10 potions of curing
 e - 4 potions of attraction
 g - 3 potions of lignification
 l - 5 potions of might
 q - 2 potions of ambrosia
 s - a potion of invisibility {unknown}
 t - 7 potions of heal wounds
 v - 4 potions of flight {unknown}
 E - 2 potions of cancellation {unknown}
 I - 2 potions of mutation {unknown}
Miscellaneous
 p - a box of beasts (inert)


   Skills:
 - Level 1.9 Fighting
 - Level 1.7 Dodging
 - Level 2.4 Stealth
 - Level 10.2 Spellcasting
 - Level 3.0 Conjurations
 - Level 8.0 Summonings
 + Level 6.9 Fire Magic
 - Level 21.0 Ice Magic
 + Level 6.5 Air Magic
 - Level 2.0 Evocations


You had 4 spell levels left.
You knew the following spells:

 Your Spells              Type           Power      Damage    Failure   Level
a - Freeze                Ice            100%       1d10      1%          1
b - Frozen Ramparts       Ice            100%       1d16      1%          3
c - Ozocubu's Armour      Ice            100%       N/A       1%          3
d - Summon Ice Beast      Ice/Summ       100%       N/A       1%          4
e - Static Discharge      Conj/Air       100%       2-7/arc   1%          2
f - Ozocubu's Refrigerat  Ice            65%        4d21      1%          7
g - Plasma Beam           Fire/Air       30%        2x1d47    24%         6
h - Airstrike             Air            30%        2d(5-21)  3%          4

Your spell library contained the following spells:

 Spells                   Type           Power      Damage    Failure   Level
 Conjure Ball Lightning   Conj/Air       26%        3x3d7     41%         6
 Shock                    Conj/Air       100%       1d9       1%          1
 Hailstorm                Conj/Ice       100%       3d20      1%          3
 Summon Small Mammal      Summ           100%       N/A       2%          1
 Momentum Strike          Conj/Tloc      58%        3d9       3%          2
 Call Canine Familiar     Summ           67%        N/A       3%          3
 Ignite Poison            Fire/Tmut/Pois 35%        N/A       4%          3
 Ice Form                 Ice/Tmut       96%        N/A       4%          4
 Cigotuvi's Dreadful Rot  Necr/Pois/Air  68%        N/A       11%         2
 Apportation              Tloc           36%        N/A       16%         1
 Beastly Appendage        Tmut           36%        N/A       16%         1
 Necrotise                Necr           72%        1d7       16%         1
 Lesser Beckoning         Tloc           36%        N/A       21%         2
 Wereblood                Tmut           18%        N/A       21%         2
 Olgreb's Toxic Radiance  Pois           18%        N/A       24%         4
 Portal Projectile        Hex/Tloc       36%        N/A       34%         3
 Spider Form              Tmut/Pois      18%        N/A       34%         3
 Animate Dead             Necr           18%        N/A       67%         4
 Leda's Liquefaction      Hex/Erth       9%         N/A       67%         4
 Freezing Cloud           Conj/Ice/Air   47%        6-21      2%          5
 Simulacrum               Ice/Necr       48%        N/A       26%         6
 Polar Vortex             Ice            65%        N/A       36%         9
 Summon Forest            Summ/Tloc      23%        N/A       47%         5
 Summon Mana Viper        Hex/Summ       47%        N/A       47%         5
 Summon Cactus Giant      Summ           33%        N/A       50%         6
 Alistair's Intoxication  Tmut/Pois      12%        N/A       93%         5
 Borgnjor's Vile Clutch   Necr/Erth      9%         N/A       93%         5
 Eringya's Noxious Bog    Tmut/Pois      9%         N/A       93%         6
 Monstrous Menagerie      Summ           33%        N/A       95%         7
 Ignition                 Fire           31%        3d10      99%         8
 Death Channel            Necr           9%         N/A       100%        6
 Borgnjor's Revivificati  Necr           9%         N/A       100%        8
 Discord                  Hex            9%         N/A       100%        8
 Necromutation            Tmut/Necr      9%         N/A       100%        8
 Death's Door             Necr           9%         N/A       100%        9
 Swiftness                Air            Unusable   N/A       N/A         3
 Blink                    Tloc           Unusable   N/A       N/A         2

Dungeon Overview and Level Annotations

Branches:
Dungeon (12/15)            Temple (1/1) D:4            Lair (5/5) D:9
 Shoals (0/4) Lair:2        Snake (0/4) Lair:2        Slime (0/5) Lair:4
    Orc (2/2) D:10            Elf (0/3) Orc:2         IceCv (visited)
Gauntlet (1/1)

Altars:
Ashenzari
Cheibriados
Dithmenos
Elyvilon
Fedhas
Gozag
Hepliaklqana
Kikubaaqudgha
Makhleb
Nemelex Xobeh
Okawaru
Sif Muna
Trog
Uskayaw
Vehumet
Wu Jian
Xom
Yredelemnul
The Shining One
Jiyva

Shops:
D:3 [   D:7 ((?*   D:9 (*   D:10 (   Orc:2 *([:

Annotations:
D:8 2 transporters Gauntlet 6 transporters


Innate Abilities, Weirdness & Mutations

You cannot be hasted, slowed, berserked, paralysed or teleported.
You can dig through walls and to a lower floor.
You have a pair of large antennae on your head. (SInv)
Your four strong arms can wield two-handed weapons with a shield.


Message History

The wall freezes the minotaur but does no damage.
The minotaur hits you with a +2 vampiric war axe!
The minotaur hits your ice beast with a +2 vampiric war axe.
The minotaur gores you!
Your ice beast hits the minotaur but does no damage.
Unknown command.
Unknown command.
Casting: Ozocubu's Refrigeration (dangerous; 1% risk of failure)
Press: ? - help, Q - select action, (/) - cycle Dir - look around, f - activate You feel a strong surge of power!
The heat is drained from your surroundings.
The minotaur is moderately wounded.
Magical energy flows into your mind!
The wall freezes the minotaur!
The minotaur hits you with a +2 vampiric war axe!!
The minotaur hits your ice beast with a +2 vampiric war axe.
The minotaur gores you.
Your ice beast barely misses the minotaur.
Unknown command.
Unknown command.
Casting: Ozocubu's Refrigeration (dangerous; 1% risk of failure)
Press: ? - help, Q - select action, (/) - cycle Dir - look around, f - activate You feel a strong surge of power!
The heat is drained from your surroundings.
The minotaur is heavily wounded.
The wall freezes the minotaur but does no damage.
The minotaur hits you but does no damage.
The minotaur barely misses your ice beast.
The minotaur gores you.
* * * LOW HITPOINT WARNING * * *
Your ice beast hits the minotaur but does no damage.
Unknown command.
You don't have enough magic to cast this spell.
Unknown command.
Unknown command.
Unknown command.
Magic courses through your body.
The wall freezes the minotaur but does no damage.
The minotaur hits you with a +2 vampiric war axe!!
You die...

#.#.©#..#.#..#≈8≈#
#.######.©#..#...#
#.#..#..#?#..#.8.#
#....#...=#..#...##.
#...###...#..#.8....
#
#.........#..#...##.
.# ###########..#...#
..
............§#.©Y##.#
............§#..@H..#
..........§.§#.©.##.#
###########..#...# ..
#.........#..#...# .#
#.#.##)##.#..#.8... #
#...#.....#..#...##
#..##.##.=#..#.8.#
#.)#.©#..©#..#...#
#.##.##.#=#..#≈8≈#


You could see a minotaur (ally target) and a friendly ice beast (summoned).

Vanquished Creatures
  Donald (Orc:2)
  An orc warlord (Orc:2)
  A fire dragon (Lair:5)
  Snorg (D:11)
  2 hydras
  2 catoblepae (Gauntlet)
  Erica (D:10)
  A death knight (D:10)
  2 boulder beetles
  3 two-headed ogres
  2 orc high priests (Orc:2)
  12 death yaks
  3 skysharks
  A fire crab (Lair:5)
  3 orc knights (Orc:2)
  A necromancer (IceCv)
  8 orc sorcerers
  3 ugly things
  An oklob plant (Orc:2)
  4 cyclopes
  An ice statue (IceCv)
  A moth of wrath (Gauntlet)
  8 black mambas
  4 molten gargoyles
  3 elephants (Lair:5)
  3 gargoyles
  2 torpor snails
  3 rime drakes
  7 cane toads
  An efreet (D:11)
  10 komodo dragons
  An anaconda simulacrum (IceCv)
  3 freezing wraiths (IceCv)
  11 ice devils (IceCv)
  7 trolls
  A troll (shapeshifter) (D:11)
  A tarantella (shapeshifter) (D:10)
  21 blink frogs
  9 dream sheep
  A spriggan (shapeshifter) (D:10)
  48 yaks
  A shadow (D:11)
  2 wraiths
  2 dire elephant simulacra (IceCv)
  5 basilisks
  7 wyverns
  3 steam dragons
  2 death yak simulacra (IceCv)
  6 vampire mosquitoes (D:11)
  Edmund (D:5)
  3 wargs (Orc:2)
  3 hell hounds (Lair:5)
  An acid dragon (D:8)
  12 water moccasins
  6 hydra simulacra (IceCv)
  23 orc warriors
  A swamp drake (D:10)
  2 ice beasts
  2 sky beasts (D:8)
  5 ogres
  10 wolves
  7 centaurs
  3 kobold brigands
  6 bullfrogs
  4 scorpions
  5 cane toad simulacra (IceCv)
  21 wights
  A killer bee (D:11)
  3 elephant simulacra (IceCv)
  5 howler monkeys
  5 lava snakes (Lair:5)
  3 hounds
  11 orc priests
  2 jellies (D:6)
  A gnoll bouda (D:6)
  2 sleepcaps
  5 iguanas
  18 orc wizards
  A spriggan simulacrum (IceCv)
  6 hell rats (Lair:3)
  A troll simulacrum (IceCv)
  3 polar bear simulacra (IceCv)
  3 wolf simulacra (IceCv)
  A mummy (D:7)
  A naga simulacrum (IceCv)
  5 adders
  7 gnolls
  3 white imps
  2 ufetubi
  A worm (D:5)
  2 dart slugs (D:4)
  63 orcs
  8 bats
  8 endoplasms
  6 giant cockroaches
  12 hobgoblins
  3 quokkas
  7 ball pythons
  7 goblins
  14 kobolds
  5 rats
  A spectral orc (D:8)
  A bush (Lair:3)
569 creatures vanquished.

Vanquished Creatures (collateral kills)
  Gastronok (D:8)
  Menkaure (D:4)
  A cane toad simulacrum (IceCv)
  An elephant simulacrum (IceCv)
  An iguana (D:4)
  A polar bear simulacrum (IceCv)
  A wolf simulacrum (IceCv)
7 creatures vanquished.

Vanquished Creatures (others)
  An orc warrior (D:11)
  A centaur (D:11)
  95 fungi
  161 plants
258 creatures vanquished.

Grand Total: 834 creatures vanquished

Notes
Turn   | Place    | Note
-------+----------+-------------------------------------------
     0 | D:1      | Angani the Formicid Ice Elementalist began the quest for
                  | the Orb.
     0 | D:1      | Reached XP level 1. HP: 13/13 MP: 3/3
   102 | D:1      | Reached XP level 2. HP: 5/19 MP: 1/5
   556 | D:1      | Reached XP level 3. HP: 24/24 MP: 5/7
  1207 | D:2      | Learned a level 3 spell: Frozen Ramparts
  1894 | D:3      | Found Kireduwk's Antique Armour Shop.
  1994 | D:3      | Reached XP level 4. HP: 29/30 MP: 8/8
  2074 | D:3      | Bought an embroidered robe for 77 gold pieces
  2419 | D:3      | Learned a level 3 spell: Ozocubu's Armour
  2647 | D:4      | Noticed a scorpion
  2663 | D:4      | Killed a scorpion
  2664 | D:4      | Reached skill level 5 in Ice Magic
  2664 | D:4      | Reached XP level 5. HP: 35/35 MP: 5/11
  2904 | D:4      | Noticed Menkaure
  2915 | D:4      | Killed Menkaure
  2916 | D:4      | Reached XP level 6. HP: 26/41 MP: 11/13
  3032 | D:4      | Found a staircase to the Ecumenical Temple.
  3038 | Temple   | Entered the Ecumenical Temple
  3118 | Temple   | Became a worshipper of Vehumet
  3261 | D:4      | Reached skill level 6 in Ice Magic
  3447 | D:4      | Found a shimmering blue altar of Sif Muna.
  3567 | D:4      | Reached skill level 5 in Spellcasting
  3571 | D:4      | Reached XP level 7. HP: 46/46 MP: 12/14
  3699 | D:5      | Entered Level 5 of the Dungeon
  3705 | D:5      | Learned a level 4 spell: Summon Ice Beast
  3786 | D:5      | Reached skill level 1 in Summonings
  3803 | D:5      | Noticed Edmund
  3950 | D:5      | Killed Edmund
  4120 | D:5      | Found a hide-covered altar of Uskayaw.
  4143 | D:5      | Reached * piety under Vehumet
  4143 | D:5      | Offered knowledge of Shock by Vehumet.
  4299 | D:5      | Reached XP level 8. HP: 50/52 MP: 13/16
  4513 | D:5      | Found a shadowy altar of Dithmenos.
  4524 | D:5      | Reached skill level 7 in Ice Magic
  4988 | D:6      | Found a white marble altar of Elyvilon.
  5174 | D:6      | Offered knowledge of Static Discharge by Vehumet.
  5175 | D:6      | Reached XP level 9. HP: 49/57 MP: 15/19
  5351 | D:7      | Found Hemouj's Magic Scroll Shoppe.
  5356 | D:7      | Bought a scroll of fog for 56 gold pieces
  5356 | D:7      | Bought a scroll of identify for 28 gold pieces
  5356 | D:7      | Bought a scroll of fear for 56 gold pieces
  5393 | D:7      | Reached ** piety under Vehumet
  5397 | D:7      | Reached skill level 8 in Ice Magic
  5477 | D:7      | Found Gungal's Assorted Antiques.
  5485 | D:7      | Bought a scroll of identify for 62 gold pieces
  5485 | D:7      | Bought a potion of curing for 93 gold pieces
  5485 | D:7      | Bought an amethyst potion for 27 gold pieces
  5545 | D:7      | Found an opulent altar of Gozag.
  5664 | D:7      | Reached skill level 5 in Summonings
  6066 | D:7      | Found Aschoz's Weapon Shop.
  6102 | D:7      | Found Jinimirch's Antique Weapon Emporium.
  6170 | D:7      | Found a snail-covered altar of Cheibriados.
  6436 | D:8      | Found a basalt altar of Yredelemnul.
  6501 | D:8      | Noticed an ancient zyme
  6536 | D:8      | Found a transporter.
  6540 | D:8      | Found a transporter.
  7033 | D:8      | Found a blossoming altar of Fedhas.
  7070 | D:8      | Noticed Gastronok
  7099 | D:8      | Killed Gastronok
  7100 | D:8      | Reached skill level 9 in Ice Magic
  7100 | D:8      | Reached XP level 10. HP: 63/63 MP: 12/22
  7308 | D:8      | Learned a level 2 spell: Static Discharge
  7725 | D:8      | Noticed a boulder beetle
  7740 | D:8      | Offered knowledge of Searing Ray by Vehumet.
  7749 | D:8      | Noticed a green ugly thing
  7755 | D:8      | Killed a green ugly thing
  7786 | D:8      | Killed a boulder beetle
  7787 | D:8      | Reached skill level 10 in Ice Magic
  7855 | D:8      | Noticed a two-headed ogre
  7891 | D:8      | Killed a two-headed ogre
  7892 | D:8      | Reached XP level 11. HP: 45/68 MP: 16/24
  8061 | D:9      | Learned a level 7 spell: Ozocubu's Refrigeration
  8074 | D:9      | Found Genkuun's General Store.
  8081 | D:9      | Identified the +2 leather armour "Wothir" {Int+4}
  8083 | D:9      | Bought a scroll of enchant armour for 82 gold pieces
  8121 | D:9      | Found a staircase to the Lair.
  8136 | D:9      | Reached skill level 1 in Conjurations
  8136 | D:9      | Reached skill level 1 in Air Magic
  8145 | D:9      | Reached skill level 10 in Spellcasting
  8261 | D:9      | Noticed a green ugly thing
  8269 | D:9      | Killed a green ugly thing
  8269 | D:9      | Reached *** piety under Vehumet
  8467 | D:9      | Reached skill level 1 in Fighting
  8467 | D:9      | Reached skill level 1 in Evocations
  8654 | D:9      | Offered knowledge of Iskenderun's Mystic Blast by Vehumet.
  8879 | D:9      | Found Ethadius's Antique Weapon Boutique.
  9319 | D:10     | Entered Level 10 of the Dungeon
  9779 | D:10     | Noticed Erica
  9791 | D:10     | Killed Erica
  9792 | D:10     | Reached skill level 11 in Ice Magic
  9965 | D:10     | Noticed a death knight
  9966 | D:10     | Found a hazy altar of Hepliaklqana.
  9970 | D:10     | Reached **** piety under Vehumet
  9976 | D:10     | Killed a death knight
  9980 | D:10     | Offered knowledge of Mephitic Cloud by Vehumet.
 10345 | D:10     | Reached skill level 12 in Ice Magic
 10726 | D:10     | Found a staircase to the Orcish Mines.
 10801 | D:10     | Reached XP level 12. HP: 72/78 MP: 23/26
 10881 | D:10     | Found Qiter's Antique Weapon Shop.
 11292 | Lair:1   | Entered Level 1 of the Lair of Beasts
 11550 | Lair:1   | Reached skill level 13 in Ice Magic
 12606 | Lair:2   | You fall into a shaft and drop 2 floors!
 12763 | Lair:3   | Reached skill level 14 in Ice Magic
 12823 | Lair:2   | Noticed a death yak
 12854 | Lair:3   | Noticed a skyshark
 12865 | Lair:3   | Killed a skyshark
 13081 | Lair:3   | Noticed a seven-headed hydra
 13090 | Lair:3   | Killed a seven-headed hydra
 13269 | Lair:3   | Reached ***** piety under Vehumet
 13269 | Lair:3   | Offered knowledge of Starburst by Vehumet.
 13275 | Lair:3   | Noticed a death yak
 13279 | Lair:3   | Noticed a death yak
 13281 | Lair:3   | Noticed a death yak
 13281 | Lair:3   | Noticed a death yak
 13282 | Lair:3   | Noticed a death yak
 13286 | Lair:3   | Killed a death yak
 13287 | Lair:3   | Reached skill level 15 in Ice Magic
 13288 | Lair:3   | Killed a death yak
 13296 | Lair:3   | Killed a death yak
 13297 | Lair:3   | Reached XP level 13. HP: 73/83 MP: 19/27
 14107 | Lair:2   | Reached skill level 16 in Ice Magic
 14397 | Lair:2   | Found a staircase to the Shoals.
 14814 | Lair:2   | Reached skill level 17 in Ice Magic
 14945 | Lair:2   | Learned a level 9 spell: Polar Vortex
 15737 | Lair:2   | Found a staircase to the Snake Pit.
 16047 | Lair:4   | Found a viscous altar of Jiyva.
 16047 | Lair:4   | Found a staircase to the Slime Pits.
 17083 | Lair:5   | Entered Level 5 of the Lair of Beasts
 17121 | Lair:5   | Reached skill level 18 in Ice Magic
 17363 | Lair:5   | Reached XP level 14. HP: 89/89 MP: 12/28
 18465 | Lair:5   | Offered knowledge of Arcjolt by Vehumet.
 18466 | Lair:5   | Reached skill level 19 in Ice Magic
 19149 | Lair:5   | Found a large runed translucent door.
 19150 | Lair:5   | Found a large runed translucent door.
 19346 | Lair:5   | Reached skill level 20 in Ice Magic
 20348 | Lair:5   | Identified the +3 long sword "Sayrr" {elec, MP+9 Int+4}
 20642 | Orc:1    | Entered Level 1 of the Orcish Mines
 20844 | Orc:2    | Entered Level 2 of the Orcish Mines
 20864 | Orc:2    | Found Wiqa's General Store.
 20883 | Orc:2    | Noticed an orc warlord
 20888 | Orc:2    | Reached XP level 15. HP: 59/94 MP: 17/29
 20891 | Orc:2    | Killed an orc warlord
 20891 | Orc:2    | Offered knowledge of Plasma Beam by Vehumet.
 20893 | Orc:2    | Found Walistuts's Book Boutique.
 20893 | Orc:2    | Noticed Donald
 20903 | Orc:2    | Killed Donald
 20904 | Orc:2    | Reached skill level 21 in Ice Magic
 20908 | Orc:2    | Found a frozen archway.
 20912 | Orc:2    | Found a staircase to the Elven Halls.
 20917 | IceCv    | Entered an ice cave
 21006 | IceCv    | Learned a level 4 spell: Airstrike
 21018 | IceCv    | Learned a level 6 spell: Plasma Beam
 21340 | IceCv    | Reached skill level 1 in Fire Magic
 22346 | IceCv    | Found an ancient bone altar of Kikubaaqudgha.
 23729 | IceCv    | Offered knowledge of Iron Shot by Vehumet.
 24086 | IceCv    | Identified the ring "Odewuoni" {rN+ Int+3}
 24658 | Orc:2    | Found Zelidat's Antique Weapon Emporium.
 24789 | Orc:2    | Bought the ring of the Mackerel {rElec rN+ Will+} for 554
                  | gold pieces
 25142 | Orc:2    | Found Seurphiph's Antique Armour Shoppe.
 25155 | Orc:2    | Reached skill level 5 in Air Magic
 25335 | Orc:2    | Reached skill level 5 in Fire Magic
 25435 | Orc:2    | Bought a distressingly furry robe for 171 gold pieces
 25435 | Orc:2    | Identified the +0 robe of the Dungeon {Str+2} (You bought
                  | it in a shop on level 2 of the Orcish Mines)
 25762 | Orc:2    | Bought a Trismegistus Codex for 468 gold pieces
 26184 | D:11     | Offered knowledge of Conjure Ball Lightning by Vehumet.
 26355 | D:11     | Found a shimmering altar of Xom.
 26637 | D:11     | Noticed Snorg
 26640 | D:11     | Killed Snorg
 27072 | D:12     | Found a gate leading to a gauntlet.
 27079 | Gauntlet | Entered a Gauntlet
 27079 | Gauntlet | Found a transporter.
 27079 | Gauntlet | Found a transporter.
 27085 | Gauntlet | Found a transporter.
 27087 | Gauntlet | Found a transporter.
 27088 | Gauntlet | Found a transporter.
 27098 | Gauntlet | Found a transporter.
 27100 | Gauntlet | Found a transporter.
 27102 | Gauntlet | Found a transporter.
 27112 | Gauntlet | Found a transporter.
 27204 | Gauntlet | Found a transporter.
 27218 | Gauntlet | Found a transporter.
 27549 | Gauntlet | Found a transporter.
 27594 | Gauntlet | Identified the ring of Greed {Ice Will++ rCorr Str+3 Int-4}
 27614 | Gauntlet | Slain by a minotaur

Illustrated notes

Levels and vault maps discovered:
D:1:      saegor_arrival_simple_c, layout_basic, kennysheep_nondescript
D:2:      layout_loops_ring
D:3:      kennysheep_six_static_rooms, layout_basic, serial_shops, shop
D:4:      nicolae_cairo_tiling_very_big, layout_rooms, led_sif_pool,
          minmay_temple_entry_hall, kennysheep_generic_room_10, uniq_menkaure
D:5:      layout_rooms, nicolae_dithmenos_through_a_glass_darkly,
          mainiacjoe_overflow_catwalk, uniq_edmund
D:6:      layout_rooms, elyvilon_altar_5, minmay_misc_feat_nine_boxes
D:7:      layout_loops_cross, chei_slow_surprise, kennysheep_mini_moat,
          serial_shops, shop_scrolls, shop, shop, shop
D:8:      layout_basic, mainiacjoe_overflow_alcove_4,
          yredelemnul_forgotten_temple_becter, gammafunk_ghost_abyssal_escape,
          serial_bayou_ford_a, minmay_manual_mullet, uniq_gastronok
D:9:      layout_loops_ring, lair_entry_dummy, serial_aquarium,
          aquarium_bridge_straight [aquarium_subvault_bridge,
          aquarium_subvault_wall, aquarium_subvault_bridge,
          aquarium_subvault_window], aquarium_bridge_square
          [aquarium_subvault_wall, aquarium_subvault_wall,
          aquarium_subvault_bridge, aquarium_subvault_bridge],
          aquarium_window_1, aquarium_window_corner, aquarium_view_4,
          aquarium_view_2c, aquarium_balcony_double_4, serial_shops,
          nicolae_take_the_stairs, shop
D:10:     minmay_cornered_nines, layout_loops_ring, lemuel_tele_altar,
          erik_orc_1, serial_shops, nicolae_shop_overgrown_old_shop,
          nicolae_sextant, uniq_erica
D:11:     layout_cave_pods, xom_confusion_cloud, uniq_snorg
D:12:     layout_loops_ring, gauntlet_entry_generic
Temple:   oiseaux_autumnal_temple
Lair:1:   layout_loops_ring, grunt_megastairs_2
Lair:2:   layout_cellular_growth, minmay_shoals_entry_centaurs,
          dummy_snake_entry, minivault_23
Lair:3:   layout_regular_city
Lair:4:   layout_regular_city, slime_entry_1, serial_bayou_lagoon_a
Lair:5:   cheibrodos_lair_end_hotspot, layout_cave_pods,
          small_statue_intersection
Orc:1:    layout_caves, serial_shops, shop
Orc:2:    grunt_orc_gardens, layout_caves, grunt_orc_garden, grunt_orc_garden,
          grunt_orc_garden, grunt_orc_garden, portal_ice_cave_entry_pillars_2,
          mines3_lemuel, uniq_donald
Gauntlet: gammafunk_gauntlet_hard_choice [gammafunk_gauntlet_arena_arrow_garden,
          gammafunk_gauntlet_arena_hedges, gammafunk_gauntlet_arena_spirals,
          gammafunk_gauntlet_arena_teeth, nicolae_gauntlet_arena_grate_2,
          nicolae_gauntlet_arena_t_cross, gauntlet_exit_hidden_loot]

Skill      XL: |  1  2  3  4  5  6  7  8  9 10 11 12 13 14 15 |
---------------+----------------------------------------------+-----
Spellcasting   | 3 4 5 6 8 9 10 | 10.2
Ice Magic      | 5 6 7 9 10 12 15 18 20 21 | 21.0
Summonings     | 2 4 7 8 |  8.0
Conjurations   | 3 |  3.0
Air Magic      | 2 6 |  6.5
Fighting       | 1 |  1.9
Evocations     | 2 |  2.0
Fire Magic     | 6 |  6.9
Dodging        | |  1.7
Stealth        | |  2.4

Action                     |  1- 3 |  4- 6 |  7- 9 | 10-12 | 13-15 || total
---------------------------+-------+-------+-------+-------+-------++-------
  Melee: Unarmed           |    25 |       |       |       |       ||    25
         Rapier            |    12 |       |       |       |       ||    12
         Dagger            |     2 |       |       |       |       ||     2
         Staff             |       |     8 |    14 |    16 |     2 ||    40
   Cast: Freeze            |    43 |    40 |    68 |    96 |     9 ||   256
         Frozen Ramparts   |       |     3 |    31 |    59 |    10 ||   103
         Ozocubu's Armour  |       |       |     1 |    25 |    11 ||    37
         Summon Ice Beast  |       |       |     2 |     4 |     3 ||     9
         Static Discharge  |       |       |       |    66 |    34 ||   100
         Ozocubu's Refrige |       |       |       |     9 |   244 ||   253
         Airstrike         |       |       |       |       |   151 ||   151
  Evoke: Wand              |       |       |    25 |    19 |     4 ||    48
         Box of beasts     |       |       |       |       |     1 ||     1
    Use: Scroll            |     1 |     5 |    15 |     5 |     7 ||    33
         Potion            |       |       |       |     6 |     6 ||    12
   Stab: Sleeping          |     5 |       |     1 |       |       ||     6
 Armour: Robe              |     9 |     8 |     9 |    44 |    28 ||    98
         Skin              |       |       |       |     1 |       ||     1
  Dodge: Dodged            |    41 |    27 |    51 |    97 |    46 ||   262
